 Dungeon Crawl Stone Soup version 0.17-a0-18-gc25b939 (webtiles) character file.

584 BluebellGnoll the Sneak (level 7, 0/32 HPs)
             Began as a Spriggan Enchanter on Mar 9, 2015.
             Succumbed to a worker ant's poison
             ... on level 4 of the Dungeon.
             The game lasted 00:21:09 (3727 turns).

BluebellGnoll the Sneak (Spriggan Enchanter)        Turns: 3727, Time: 00:21:09

Health: 0/32       AC:  5    Str:  4    XL:     7   Next: 14%
Magic:  1/24       EV: 18    Int: 19    God:
Gold:   93         SH:  5    Dex: 16    Spells: 6 memorised, 4 levels left

rFire  . . .     SeeInvis +     r - +1 dagger (speed)
rCold  . . .     Clarity  .     v - +2 robe {MR+}
rNeg   . . .     SustAb   .     k - +0 buckler
rPois  .         Gourm    .     (helmet restricted)
rElec  .         Spirit   .     t - +0 cloak
rCorr  +         Warding  .     (gloves unavailable)
rMut   .         Stasis   .     (boots unavailable)
MR     ++...                    w - amulet of resist corrosion
Stlth  ++++......               (no ring)
                                j - ring of wizardry

@: lethally poisoned (0 -> -4), very slightly contaminated, very quick, very
resistant to hostile enchantments, stealthy
A: unfitting armour, see invisible, herbivore 3, speed 3, slow metabolism 2
a: no special abilities


You were on level 4 of the Dungeon.
You were not hungry.

You visited 1 branch of the dungeon, and saw 4 of its levels.

You collected 93 gold pieces.

Inventory:

Hand weapons
 a - a +1 dagger
 r - a +1 dagger of speed (weapon)
Missiles
 e - 55 stones (quivered)
 m - 6 needles of slowing
 p - 11 poisoned needles
 s - 3 tomahawks of returning
Armour
 k - a +0 buckler (worn)
 t - a +0 cloak (worn)
 v - a +2 robe of magic resistance (worn)
Jewellery
 j - a ring of wizardry (left hand)
 w - an amulet of resist corrosion (around neck)
Magical devices
 u - a wand of random effects (28)
Scrolls
 b - a scroll of blinking {unknown}
 h - 2 scrolls of teleportation
 i - 3 scrolls of remove curse
 l - a scroll of enchant armour
Potions
 f - 2 potions of might {unknown}
 g - a potion of heal wounds {unknown}
 o - 4 potions of curing
 q - a potion of degeneration {unknown}
Books
 c - a book of Maledictions

   Spells                             Type                      Level
   a - Corona                         Hexes                        1
   b - Sure Blade                     Hexes/Charms                 2
   c - Ensorcelled Hibernation        Hexes/Ice                    2
   d - Confuse                        Hexes                        3
   e - Dazzling Spray                 Conjuration/Hexes            3
   f - Enslavement                    Hexes                        4
Comestibles
 d - 2 bread rations
 n - a fruit


   Skills:
 - Level 1.1 Short Blades
 * Level 4.0 Dodging
 - Level 7.4 Stealth
 + Level 6.5 Spellcasting
 * Level 5.9 Hexes


You had 4 spell levels left.
You knew the following spells:

 Your Spells              Type           Power        Failure   Level  Hunger
a - Corona                Hex            ####...      1%          1    None
b - Ensorcelled Hibernat  Hex/Ice        ###...       4%          2    None
c - Confuse               Hex            ####....     2%          3    ##.....
d - Sure Blade            Hex/Chrm       ###.......   4%          2    None
e - Dazzling Spray        Conj/Hex       ###.....     7%          3    ##.....
f - Enslavement           Hex            ####....     7%          4    ####...


Dungeon Overview and Level Annotations

Branches:
Dungeon (4/15)
 Temple: D:4-7

Altars:

Annotations:
D:1 wtf


Innate Abilities, Weirdness & Mutations

You are tiny and cannot use many weapons and most armour.
You have supernaturally acute eyesight.
You are a herbivore.
You cover ground extremely quickly.
You need consume almost no food.


Message History

The worker ant resists with significant effort.
The worker ant bites you.
You are poisoned.
The worker ant poisons you! The worker ant closely misses you.
The ogre hits the worker ant with a giant club!!
The worker ant is killed!
You feel sick.
You catch the helpless ogre completely off-guard!
You impale the ogre!!
The ogre is severely wounded.
You barely miss the ogre.
The ogre is severely wounded.
You hit the ogre but do no damage.
The ogre is severely wounded.
The ogre hits you with a giant club!
* * * LOW HITPOINT WARNING * * *
You are too injured to fight recklessly!
You hit the ogre.
The ogre is almost dead.
You die...

....W... #.....#.#..
#....W. #..........
..... #....)..... ...
#.......#.# #.#
######..... #.#
#.##.#
####.###########.....
#..O....##......###.#
#.##@##.##.####.###.#
# #.##.#...#........
#......#...#.####.
#.#####.#...###.# .
#.......##.####.# .
##########......# .
######## . #


You could see a phantom (confused) and an ogre (confused).

Vanquished Creatures
  Grinder (D:3)
  Sigmund (D:3)
  Blork the orc (D:4)
  2 hounds (D:4)
  Natasha (D:4)
  A worker ant (D:4)
  5 adders
  3 worms
  A giant mite (D:4)
  4 giant geckos
  2 oozes (D:1)
  9 orcs
  4 ball pythons
  2 giant cockroaches
  11 kobolds
  2 quokkas
  5 bats
  3 giant newts
  11 goblins
  7 jackals
  9 rats
85 creatures vanquished.

Vanquished Creatures (others)
  A bat (D:4)
1 creature vanquished.

Grand Total: 86 creatures vanquished

Notes
Turn   | Place    | Note
--------------------------------------------------------------
     0 | D:1      | BluebellGnoll, the Spriggan Enchanter, began the quest for the Orb.
     0 | D:1      | Reached XP level 1. HP: 9/9 MP: 4/4
   120 | D:1      | Reached skill level 5 in Stealth
   334 | D:1      | Reached XP level 2. HP: 13/13 MP: 7/7
   344 | D:1      | Learned a level 2 spell: Ensorcelled Hibernation
   779 | D:1      | Reached skill level 6 in Stealth
  1014 | D:2      | Reached XP level 3. HP: 16/16 MP: 2/9
  1019 | D:2      | Learned a level 3 spell: Confuse
  1348 | D:2      | Reached skill level 7 in Stealth
  1842 | D:3      | Reached XP level 4. HP: 19/21 MP: 12/12
  1846 | D:3      | Learned a level 2 spell: Sure Blade
  2207 | D:3      | Noticed Grinder
  2396 | D:3      | Noticed Sigmund
  2411 | D:3      | Killed Sigmund
  2411 | D:3      | Reached XP level 5. HP: 20/24 MP: 13/17
  2584 | D:3      | Learned a level 3 spell: Dazzling Spray
  2605 | D:3      | Killed Grinder
  2605 | D:3      | Reached skill level 5 in Spellcasting
  2605 | D:3      | Reached skill level 5 in Hexes
  2605 | D:3      | Reached XP level 6. HP: 28/28 MP: 6/21
  2611 | D:3      | Learned a level 4 spell: Enslavement
  2994 | D:4      | Noticed Natasha
  3005 | D:4      | Killed Natasha
  3068 | D:4      | Noticed Blork the orc
  3119 | D:4      | Killed Blork the orc
  3119 | D:4      | Reached XP level 7. HP: 16/32 MP: 1/24
  3726 | D:4      | HP: 1/32 [ogre/giant club (11)]
  3727 | D:4      | Succumbed to a worker ant's poison

Action                   |  1- 3 |  4- 6 |  7- 9 || total
-------------------------+-------+-------+-------++-------
Melee: Dagger            |   107 |   144 |    39 ||   290
Throw: Stone             |       |     2 |       ||     2
 Cast: Corona            |    20 |    14 |     3 ||    37
       Ensorcelled Hiber |     3 |    14 |    12 ||    29
       Confuse           |       |    16 |     3 ||    19
       Sure Blade        |       |     1 |       ||     1
  Use: Scroll            |     7 |       |       ||     7
       Potion            |     2 |       |       ||     2
 Stab: Sleeping          |    14 |    14 |     4 ||    32
       Confused          |       |     6 |     2 ||     8
  Eat: Fruit             |     3 |       |       ||     3
       Pizza             |     1 |       |       ||     1
